 Dungeon Crawl Stone Soup version 0.23.1 (webtiles) character file.

Game seed: 7122541476989848014

13494 shamaniam the Fighter (level 11, -8/104 HPs)
             Began as a Minotaur Fighter on Mar 12, 2019.
             Was a High Priest of Okawaru.
             Mangled by a vampire knight
             ... wielding a +0 flail
              (9 damage)
             ... on level 11 of the Dungeon.
             The game lasted 00:20:47 (12049 turns).

shamaniam the Fighter (Minotaur Fighter)           Turns: 12049, Time: 00:20:48

Health: -8/104     AC: 20    Str: 26    XL:     11   Next: 76%
Magic:  0/8        EV: 11    Int:  5    God:    Okawaru [*****.]
Gold:   471        SH: 11    Dex:  9    Spells: 10/10 levels left

rFire    . . .     SeeInvis .   a - +0 broad axe
rCold    . . .     Gourm    .   f - +1 shield
rNeg     . . .     Faith    .   J - +0 plate armour
rPois    +         Spirit   +   (helmet restricted)
rElec    .         Reflect  .   g - +0 cloak
rCorr    .         Harm     .   H - +1 pair of gloves
MR       .....                  b - +0 pair of boots
Stlth    ..........             P - amulet of guardian spirit
HPRegen  0.27/turn              i - ring of poison resistance
MPRegen  0.11/turn              x - +5 ring of strength

@: no status effects
A: retaliatory headbutt, horns 2, repulsion field 1, clumsy 1, low mp 1, weak 1,
evolution 1
a: Heroism, Finesse, Renounce Religion


You were on level 11 of the Dungeon.
You worshipped Okawaru.
Okawaru was extremely pleased with you.
You were not hungry.

You visited 2 branches of the dungeon, and saw 12 of its levels.

You collected 623 gold pieces.
You spent 152 gold pieces at shops.

Inventory:

Hand Weapons
 a - a +0 broad axe (weapon)
 s - a +5 flail of protection
Missiles
 t - 2 throwing nets (quivered)
 B - 7 poisoned javelins
Armour
 b - a +0 pair of boots (worn)
 f - a +1 shield (worn)
 g - a +0 cloak (worn)
 w - +0 acid dragon scales
 H - a +1 pair of gloves (worn)
 J - a +0 plate armour (worn)
Jewellery
 i - a ring of poison resistance (left hand)
 x - a +5 ring of strength (right hand)
 P - an amulet of guardian spirit (around neck)
Wands
 u - a wand of scattershot (1)
 v - a wand of polymorph (7)
 K - a wand of iceblast (5)
 L - a wand of paralysis (11)
Scrolls
 j - a scroll of magic mapping
 m - 3 scrolls of identify
 n - 7 scrolls of teleportation
 p - 3 scrolls of remove curse
 q - 4 scrolls of enchant armour
 C - 2 scrolls of enchant weapon
 G - a scroll of blinking
 N - a scroll of fog
Potions
 d - a potion of might
 e - a potion of haste
 h - a potion of lignification
 k - 4 potions of brilliance
 l - 2 potions of invisibility
 A - 2 potions of flight
 D - 2 potions of resistance
 F - a potion of agility
 I - a potion of magic
 M - 4 potions of curing
 O - a potion of berserk rage
Comestibles
 c - 21 rations


   Skills:
 + Level 11.7 Fighting
 + Level 11.4 Axes
 + Level 11.7 Armour
 + Level 10.3 Dodging
 - Level 5.0 Shields


You had 10 spell levels left.
You didn't know any spells.
Your spell library contained the following spells:

 Spells                   Type           Power        Failure   Level  Hunger
 Apportation              Tloc           #.....       100%        1    ##.....
 Flame Tongue             Conj/Fire      #....        100%        1    ##.....
 Magic Dart               Conj           #...         100%        1    ##.....
 Summon Butterflies       Summ           #.......     100%        1    ##.....
 Poisonous Vapours        Pois/Air       #.....       100%        2    ###....
 Searing Ray              Conj           #.....       100%        2    ###....
 Throw Flame              Conj/Fire      #.....       100%        2    ###....
 Conjure Flame            Conj/Fire      #.......     100%        3    ####...
 Dazzling Spray           Conj/Hex       #.....       100%        3    ####...
 Inner Flame              Hex/Fire       #.......     100%        3    ####...
 Lesser Beckoning         Tloc           #.........   100%        3    ####...
 Mephitic Cloud           Conj/Pois/Air  #.......     100%        3    ####...
 Tukima's Dance           Hex            #.......     100%        3    ####...
 Force Lance              Conj/Tloc      #.......     100%        4    #####..
 Fulminant Prism          Conj/Hex       #.........   100%        4    #####..
 Iskenderun's Mystic Bla  Conj           #.......     100%        4    #####..
 Sticky Flame             Conj/Fire      #.......     100%        4    #####..
 Alistair's Intoxication  Tmut/Pois      #.......     100%        5    ######.
 Fireball                 Conj/Fire      #.........   100%        5    ######.
 Freezing Cloud           Conj/Ice/Air   #.........   100%        6    #######
 Invisibility             Hex            #.......     100%        6    #######
 Ring of Flames           Chrm/Fire      #.........   100%        7    #######


Dungeon Overview and Level Annotations

Branches:
Dungeon (11/15)            Temple (1/1) D:6            Lair (0/6) D:9
    Orc (0/2) D:9

Altars:
Ashenzari
Cheibriados
Dithmenos
Elyvilon
Fedhas
Gozag
Hepliaklqana
Kikubaaqudgha
Makhleb
Nemelex Xobeh
Okawaru
Qazlal
Ru
Sif Muna
Trog
Uskayaw
Vehumet
Wu Jian
Xom
Yredelemnul
Zin
The Shining One

Shops:
D:7 (   D:8 }

Annotations:
D:5 Prince Ribbit


Innate Abilities, Weirdness & Mutations

You reflexively headbutt those who attack you in melee.
You have a pair of horns on your head.
You are surrounded by a mild repulsion field. (EV +2)
You are clumsy. (Dex -2)
Your magical capacity is low. (-10% MP)
You are weak. (Str -2)
You evolve.


Message History

Something bites you but does no damage.
You barely miss something. You headbutt something. Something hits you!!
* * * LOW HITPOINT WARNING * * *
Something bites you but does no damage.
Your plate armour prevents you from hitting something.
Something hits you but does no damage. You block something's attack.
You miss something. You headbutt something!
You hear some strange, mumbled words.
You suddenly lose the ability to move!
You hear some strange, mumbled words.
You can move again.
You feel much better.
Unholy energy fills the air.
* * * LOW HITPOINT WARNING * * *
You hit something. Something hits you!
* * * LOW HITPOINT WARNING * * *
Something bites you.
* * * LOW HITPOINT WARNING * * *
Something draws strength from your injuries!
Something hits you!
You die...

##.....<.#.........#>.####
#........##.###.##........
####.....##.###.####.##...
#.....##..#..# ##..###.
###########...####....>..
########....#####...<.....##.###
#......'......(####..#######.###
#......#.........##..# #....
#......########@####.# #####
#......# #){)# #.# #......#
##..'.### #......# ##.#..#
#......# ###..# ### ######.#
!##########.. #.# ..#..##.....#
##.# [#..##.##### #..# .#..^..#


There were no monsters in sight!

Vanquished Creatures
  A centaur warrior (D:11)
  2 unseen horrors (D:11)
  Pikel (D:5)
  A cyclops (D:11)
  Psyche (D:8)
  A yaktaur (D:11)
  A troll (D:11)
  A hornet (D:9)
  3 hippogriffs
  2 wyverns
  4 hogs (D:7)
  2 basilisks (D:9)
  11 yaks
  Grum (D:8)
  4 hungry ghosts
  Eustachio (D:5)
  A human (D:7)
  4 wargs (D:11)
  Menkaure (D:5)
  Edmund (D:4)
  An acid dragon (D:11)
  A two-headed ogre zombie (D:9)
  2 porcupines (D:9)
  5 orc warriors
  A hornet zombie (D:11)
  3 ice beasts
  A phantom (D:8)
  A sky beast (D:9)
  2 ogres (D:5)
  2 centaurs
  4 wolves (D:8)
  A big kobold (D:10)
  A crocodile (D:9)
  Blork the orc (D:6)
  6 bullfrogs
  A gnoll sergeant (D:9)
  A wyvern zombie (D:10)
  A wyvern skeleton (D:9)
  A water moccasin zombie (D:6)
  2 scorpions (D:9)
  3 troll zombies (D:9)
  4 wights (D:11)
  5 howler monkeys
  5 crimson imps
  4 hounds
  5 orc priests
  Crazy Yiuf (D:2)
  A jelly (D:9)
  13 orc wizards
  A centaur skeleton (D:11)
  Jessica (D:3)
  3 bullfrog skeletons
  2 iguanas
  Natasha (thrice) (D:3)
  4 worker ants
  4 ogre zombies (D:9)
  A hound skeleton (D:9)
  A howler monkey zombie (D:8)
  A worker ant zombie (D:5)
  7 gnolls
  18 adders
  2 shadow imps (D:8)
  3 oozes
  An adder zombie (D:7)
  3 worms
  2 adder skeletons (D:5)
  A dart slug (D:3)
  6 leopard geckos
  19 orcs
  3 ball pythons
  4 giant cockroaches
  6 hobgoblins
  12 jackals
  6 quokkas
  5 bats
  6 frilled lizards
  7 goblins
  2 goblin skeletons (D:9)
  2 goblin zombies (D:9)
  2 hobgoblin skeletons (D:9)
  4 hobgoblin zombies (D:9)
  A jackal zombie (D:8)
  11 kobolds
  A leopard gecko skeleton (D:6)
  An orc skeleton (D:9)
  14 orc zombies (D:9)
  A quokka skeleton (D:8)
  A quokka zombie (D:6)
  3 rats
  3 fungi (D:2)
301 creatures vanquished.

Vanquished Creatures (others)
  A slave (D:5)
  An adder (D:3)
  An adder skeleton (D:7)
  A frilled lizard (D:3)
  2 fungi (D:9)
  8 plants (D:9)
14 creatures vanquished.

Grand Total: 315 creatures vanquished

Notes
Turn   | Place    | Note
-------+----------+-------------------------------------------
     0 | D:1      | shamaniam the Minotaur Fighter began the quest for the Orb.
     0 | D:1      | Reached XP level 1. HP: 19/19 MP: 0/0
   185 | D:1      | Reached XP level 2. HP: 24/27 MP: 1/1
   542 | D:1      | Reached skill level 1 in Dodging
   701 | D:2      | Reached XP level 3. HP: 33/33 MP: 2/2
   785 | D:2      | Reached XP level 4. HP: 32/40 MP: 3/3
  1403 | D:2      | Found a runed translucent door.
  1404 | D:2      | Noticed Crazy Yiuf
  1417 | D:2      | Killed Crazy Yiuf
  1780 | D:3      | Reached XP level 5. HP: 44/47 MP: 4/4
  1787 | D:3      | Noticed Jessica
  1794 | D:3      | Killed Jessica
  1938 | D:3      | Noticed Natasha
  1943 | D:3      | Killed Natasha
  1999 | D:3      | Noticed Natasha
  2011 | D:3      | Killed Natasha
  2287 | D:3      | Found a radiant altar of Vehumet.
  2425 | D:3      | Noticed Natasha
  2431 | D:3      | Killed Natasha
  2431 | D:3      | Reached XP level 6. HP: 39/55 MP: 5/5
  2665 | D:4      | Reached skill level 5 in Armour
  2699 | D:4      | Found a shimmering altar of Xom.
  2831 | D:4      | Noticed Edmund
  2832 | D:4      | Reached skill level 5 in Fighting
  2832 | D:4      | Reached skill level 5 in Shields
  2850 | D:4      | Killed Edmund
  3323 | D:5      | Entered Level 5 of the Dungeon
  3488 | D:5      | Reached XP level 7. HP: 61/61 MP: 6/6
  3498 | D:5      | Reached skill level 5 in Axes
  3532 | D:5      | Noticed Menkaure
  3538 | D:5      | Killed Menkaure
  3789 | D:5      | Noticed Eustachio
  3799 | D:5      | Noticed Pikel
  3809 | D:5      | Killed Pikel
  3809 | D:5      | Reached skill level 5 in Dodging
  3809 | D:5      | Reached XP level 8. HP: 42/73 MP: 7/7
  3815 | D:5      | Killed Eustachio
  4157 | D:5      | Found a basalt altar of Yredelemnul.
  4158 | D:5      | Found a sparkling altar of Nemelex Xobeh.
  4257 | D:5      | Noticed Prince Ribbit
  4393 | D:5      | Found a basalt altar of Yredelemnul.
  4394 | D:5      | Found a sparkling altar of Nemelex Xobeh.
  4851 | D:6      | Found a staircase to the Ecumenical Temple.
  4907 | Temple   | Entered the Ecumenical Temple
  5048 | Temple   | Became a worshipper of Warmaster Okawaru
  5236 | D:6      | Noticed Blork the orc
  5244 | D:6      | Killed Blork the orc
  6286 | D:7      | Found Ijajok's Antique Weapon Shop.
  6292 | D:7      | Bought a smoking short sword for 152 gold pieces
  6292 | D:7      | Identified the cursed +0 short sword of Zuonyroy {freeze,
                  | Str+3} (You bought it in a shop on level 7 of the Dungeon)
  6397 | D:7      | Reached XP level 9. HP: 28/81 MP: 8/8
  6399 | D:7      | Reached * piety under Okawaru
  6941 | D:8      | Noticed Grum
  6950 | D:8      | Found Nimn's Gadget Shop.
  7176 | D:8      | Killed Grum
  7178 | D:8      | Reached ** piety under Okawaru
  7342 | D:8      | Found a bloodstained altar of Trog.
  7357 | D:8      | Noticed Psyche
  7372 | D:8      | Killed Psyche
  7372 | D:8      | Reached XP level 10. HP: 39/91 MP: 9/9
  8040 | D:9      | Found a staircase to the Orcish Mines.
  8334 | D:9      | Reached *** piety under Okawaru
  8454 | D:9      | Found an opulent altar of Gozag.
  8618 | D:9      | Reached skill level 10 in Armour
  8674 | D:9      | Reached skill level 10 in Fighting
  8715 | D:9      | Reached **** piety under Okawaru
  8716 | D:9      | Reached skill level 10 in Axes
  8977 | D:9      | Found a staircase to the Lair.
  9214 | D:9      | Found an iron altar of Okawaru.
  9404 | D:9      | Got a twisted robe
  9417 | D:9      | Identified the cursed +0 robe "Wauconli" {rPois Regen+
                  | rCorr} (You found it on level 9 of the Dungeon)
  9754 | D:10     | Entered Level 10 of the Dungeon
  9846 | D:10     | Reached XP level 11. HP: 101/101 MP: 10/10
  9906 | D:10     | Reached ***** piety under Okawaru
 10727 | D:10     | Gained mutation: You are weak. (Str -2) [potion of
                  | mutation]
 10727 | D:10     | Gained mutation: Your magical capacity is low. (-10% MP)
                  | [potion of mutation]
 10727 | D:10     | Gained mutation: You are clumsy. (Dex -2) [potion of
                  | mutation]
 10727 | D:10     | Gained mutation: You evolve. [potion of mutation]
 11425 | D:11     | Gained mutation: You are surrounded by a mild repulsion
                  | field. (EV +2) [evolution]
 11614 | D:11     | Received a gift from Okawaru
 11811 | D:11     | Noticed a centaur warrior
 11817 | D:11     | Killed an unseen horror
 11817 | D:11     | Reached skill level 10 in Dodging
 11818 | D:11     | Killed a centaur warrior
 11842 | D:11     | Killed an unseen horror
 12031 | D:11     | Noticed a vampire knight
 12046 | D:11     | Paralysed by something for 2 turns
 12049 | D:11     | HP: 4/104 [something (15)]
 12049 | D:11     | HP: 1/104 [something (3)]
 12049 | D:11     | Mangled by a vampire knight

Skill      XL: |  1  2  3  4  5  6  7  8  9 10 11 |
---------------+----------------------------------+-----
Dodging        | 1 2 3 5 6 7 9 10 | 10.3
Fighting       | 4 5 7 9 10 11 | 11.7
Shields        | 4 5 |  5.0
Axes           | 3 4 6 7 8 10 11 | 11.4
Armour         | 4 5 7 9 10 11 | 11.7

Action                   |  1- 3 |  4- 6 |  7- 9 | 10-12 || total
-------------------------+-------+-------+-------+-------++-------
Melee: War axe           |    60 |   151 |    83 |   279 ||   573
       Headbutt          |     5 |    26 |    37 |    93 ||   161
       Flail             |       |    29 |   105 |       ||   134
       Broad axe         |       |       |       |   133 ||   133
Evoke: Wand              |       |       |       |     2 ||     2
  Use: Scroll            |       |    11 |     3 |    11 ||    25
       Potion            |       |       |       |     5 ||     5
  Eat: Chunk             |       |     9 |     7 |    18 ||    34
       Ration            |       |       |     2 |     1 ||     3
Armor: Scale mail        |    16 |    65 |       |       ||    81
       Chain mail        |       |    14 |   113 |    93 ||   220
       Plate armour      |       |       |       |    96 ||    96
Dodge: Dodged            |    20 |    53 |    87 |   152 ||   312
Block: Shield            |    22 |    78 |   145 |   233 ||   478
